 Dungeon Crawl Stone Soup version 0.30-a0-853-g561648f (webtiles) character file.

Game seed: 6219931048225362110

6473 Dorkslayer the Nimble (level 11, 0/84 HPs)
             Began as a Merfolk Fighter on Mar 4, 2023.
             Was an Initiate of Gozag.
             Succumbed to Amaemon's poison
             ... on level 8 of the Dungeon.
             The game lasted 00:19:51 (7767 turns).

Dorkslayer the Nimble (Merfolk Fighter)             Turns: 7767, Time: 00:19:51

Health: 0/84       AC: 19    Str: 19    XL:     11   Next: 0%
Magic:  11/11      EV: 15    Int:  9    God:    Gozag
Gold:   309        SH:  7    Dex: 23    Spells: 10/10 levels left

rFire   + + .      SeeInvis .    J - +2 falchion (flame)
rCold   . . .      Faith    .    c - +0 buckler
rNeg    . . .      Spirit   .    h - +0 plate armour
rPois   .          Reflect  .    n - +2 helmet
rElec   .          Rampage  .    B - +1 cloak of Decompression {rF++ Dex+3}
rCorr   .                        j - +0 pair of gloves
Will    .....                    (no boots) Stlth
                                 (no amulet)
HPRegen 0.34/turn                s - +6 ring of dexterity
MPRegen 0.12/turn                w - +5 ring of evasion

@: lethally poisoned (0 -> -13), slowed, very slow
A: (nimble swimmer 2), mertail
a: Renounce Religion, Potion Petition, Call Merchant, Bribe Branch


You were on level 8 of the Dungeon.
You worshipped Gozag.
Gozag was aware of your devotion.
You visited 2 branches of the dungeon, and saw 10 of its levels.

You collected 1333 gold pieces.
You spent 952 gold pieces at shops.
You paid 72 gold pieces to Gozag.

Inventory:

Hand Weapons
 k - a +2 long sword
 J - a +2 falchion of flaming (weapon)
Missiles
 f - 4 boomerangs (quivered)
Armour
 c - a +0 buckler (worn)
 h - a +0 plate armour (worn)
 j - a +0 pair of gloves (worn)
 n - a +2 helmet (worn)
 B - the +1 cloak of Decompression (worn) {rF++ Dex+3}
   (You found it on level 7 of the Dungeon)

   Dex:       It affects your dexterity (+3).
   rF:        It greatly protects you from fire.
Jewellery
 s - a +6 ring of dexterity (left hand)
 w - a +5 ring of evasion (right hand)
Wands
 v - a wand of flame (28)
 C - a wand of iceblast (14)
 E - a wand of paralysis (15)
 F - a wand of digging (11)
Scrolls
 b - a scroll of magic mapping
 e - a scroll of noise {unknown}
 g - 8 scrolls of teleportation
 o - a scroll of vulnerability {unknown}
 q - 2 scrolls of fog
 r - 4 scrolls of enchant armour
 y - 3 scrolls of fear
 A - 2 scrolls of amnesia
 G - a scroll of poison
Potions
 d - a potion of might
 i - 2 potions of resistance
 l - a potion of lignification
 m - a potion of haste
 p - 2 potions of mutation
 t - 2 potions of attraction
 u - a potion of flight
 x - a potion of ambrosia
 z - a potion of invisibility
 D - a potion of magic
 I - a potion of heal wounds


   Skills:
 + Level 7.6 Fighting
 + Level 7.8 Long Blades
 + Level 5.2 Armour
 + Level 8.5 Dodging
 + Level 6.9 Shields
 * Level 8.2 Evocations


You had 10 spell levels left.
You didn't know any spells.
Your spell library contained the following spells:

 Spells                   Type           Power      Damage    Failure   Level
 Blink                    Tloc           0%         N/A       100%        2
 Lesser Beckoning         Tloc           0%         N/A       100%        2
 Momentum Strike          Conj/Tloc      0%         3d8       100%        2
 Ozocubu's Armour         Ice            0%         N/A       100%        3
 Portal Projectile        Hex/Tloc       0%         N/A       100%        3
 Tukima's Dance           Hex            0%         N/A       100%        3
 Animate Armour           Summ/Erth      0%         N/A       100%        4
 Blade Hands              Tmut           0%         N/A       100%        5
 Metabolic Englaciation   Hex/Ice        0%         N/A       100%        5
 Iron Shot                Conj/Erth      0%         9d1       100%        6
 Simulacrum               Ice/Necr       Unusable   N/A       N/A         6

Dungeon Overview and Level Annotations

Branches:
Dungeon (9/15)             Temple (1/1) D:4
   Lair: D:8-11         Orc: D:9-12

Altars:
Ashenzari
Cheibriados
Dithmenos
Elyvilon
Fedhas
Gozag
Hepliaklqana
Kikubaaqudgha
Makhleb
Nemelex Xobeh
Okawaru
Qazlal
Ru
Sif Muna
Trog
Uskayaw
Vehumet
Wu Jian
Xom
Yredelemnul
Zin
The Shining One

Shops:
D:8 *

Annotations:
D:8 Amaemon


Innate Abilities, Weirdness & Mutations

((You are very nimble when in or above water. (Stealth+, EV+, Speed+++)))
Your lower body shifts to a powerful aquatic tail in water.


Message History

You feel very sick. The scorpion stings you.
You are more poisoned.
You have difficulty breathing.
You feel yourself slow down. Amaemon misses you. You block Amaemon's attack.
Amaemon tail-slaps you but does no damage.
You barely miss Amaemon.
Amaemon is severely wounded.
You feel extremely sick.
The scorpion stings you but does no damage.
You block Amaemon's attack. Amaemon barely misses you.
Amaemon closely misses you.
The scorpion stings you but does no damage.
Amaemon hits you with a -1 demon whip of venom.
You are more poisoned.
Amaemon claws you.
Amaemon tail-slaps you but does no damage.
You hit Amaemon. You burn Amaemon.
Amaemon is severely wounded.
* * * LOW HITPOINT WARNING * * *
You feel extremely sick. You block the scorpion's attack.
Amaemon closely misses you. Amaemon claws you.
* * * LOW HITPOINT WARNING * * *
Amaemon tail-slaps you.
* * * LOW HITPOINT WARNING * * *
You block the scorpion's attack.
You hit Amaemon. You burn Amaemon.
Amaemon is almost dead.
* * * LOW HITPOINT WARNING * * *
You feel extremely sick. Amaemon barely misses you.
Amaemon claws you but does no damage. You block Amaemon's attack.
The scorpion barely misses you. The scorpion attacks as you move away!
The scorpion closely misses you.
* * * LOW HITPOINT WARNING * * *
You feel extremely sick.
Amaemon gestures wildly while chanting.
The scorpion closely misses you.
Amaemon casts a spell.
You die...
Your body crumbles into a pile of gold.

###......##..### ##.####.#.....
##..............## #...###.......
#...#..........(.####..##........
##..#.........#........###.......
##...........##.#..#.............
#............#######.............
##...........### ##..............
##..#.#####ss#s###...............
#....#### ##.6s.@................
##......#####s####...............
###......###.## #...............
##......##..###.#.............
#.....##....#..###.#.........
#...###........#####.........
#####.......##......####........
##..........###......##......##..
#...........#.....##.##......###.


You could see Amaemon and 5 scorpions.

Vanquished Creatures
  A two-headed ogre (D:8)
  2 dancing weapons (D:6)
  Pikel (D:7)
  2 wyverns (D:8)
  2 humans (D:7)
  A steam dragon (D:7)
  2 orc warriors
  2 ice beasts
  A sky beast (D:8)
  A black bear (D:6)
  2 centaurs
  3 ogres
  2 lemures (D:7)
  5 phantoms
  3 bullfrogs
  2 gnoll sergeants (D:8)
  2 scorpions (D:6)
  2 wights (D:6)
  9 killer bees
  5 howler monkeys
  Crazy Yiuf (D:3)
  2 jellies
  4 orc priests
  4 hounds
  A gnoll bouda (D:8)
  4 sleepcaps
  7 iguanas
  4 orc wizards
  Robin (D:2)
  12 gnolls (D:8)
  9 adders
  4 shadow imps
  A white imp (D:5)
  4 ufetubi
  A worm (D:2)
  2 dart slugs
  26 orcs
  6 bats
  11 endoplasms
  4 giant cockroaches
  16 goblins
  9 hobgoblins
  4 jackals (D:2)
  12 kobolds
  4 quokkas
  8 ball pythons
  6 rats
217 creatures vanquished.

Vanquished Creatures (others)
  A bush (D:7)
  12 fungi (D:8)
  28 plants
41 creatures vanquished.

Grand Total: 258 creatures vanquished

Notes
Turn   | Place    | Note
-------+----------+-------------------------------------------
     0 | D:1      | Dorkslayer the Merfolk Fighter began the quest for the Orb.
     0 | D:1      | Reached XP level 1. HP: 18/18 MP: 1/1
    40 | D:1      | Reached skill level 1 in Dodging
    57 | D:1      | Reached XP level 2. HP: 23/24 MP: 2/2
   552 | D:2      | Reached XP level 3. HP: 28/29 MP: 3/3
   681 | D:2      | Identified the +0 robe "Waisec" {rC+ Regen+ Dex-4 Stlth+}
   774 | D:2      | Noticed Robin
   807 | D:2      | Killed Robin
   808 | D:2      | Reached XP level 4. HP: 14/37 MP: 4/4
  1495 | D:2      | Reached XP level 5. HP: 42/42 MP: 5/5
  1620 | D:3      | Found a basalt altar of Yredelemnul.
  2111 | D:3      | Found a faded altar of an unknown god.
  2284 | D:3      | Found a runed translucent door.
  2285 | D:3      | Noticed Crazy Yiuf
  2436 | D:3      | Killed Crazy Yiuf
  2551 | D:4      | Found a transporter.
  2576 | D:4      | Found a transporter.
  2652 | D:4      | HP: 2/42 [shadow imp/nerve-wracking pain (13)]
  2763 | D:4      | Reached XP level 6. HP: 48/48 MP: 6/6
  2978 | D:4      | Reached skill level 1 in Evocations
  3034 | D:4      | Found a staircase to the Ecumenical Temple.
  3050 | Temple   | Entered the Ecumenical Temple
  3095 | Temple   | Became a worshipper of Gozag Ym Sagoz the Greedy
  3495 | D:4      | Found a sacrificial altar of Ru.
  3625 | D:5      | Entered Level 5 of the Dungeon
  3741 | D:5      | Reached XP level 7. HP: 55/55 MP: 7/7
  4260 | D:6      | Reached skill level 5 in Dodging
  4270 | D:6      | Reached XP level 8. HP: 43/61 MP: 8/8
  4287 | D:6      | Reached skill level 5 in Fighting
  4332 | D:6      | Reached skill level 5 in Long Blades
  4383 | D:6      | Reached skill level 5 in Shields
  4612 | D:6      | Reached skill level 5 in Evocations
  4612 | D:6      | Reached XP level 9. HP: 63/69 MP: 9/9
  4731 | D:6      | Found a hide-covered altar of Uskayaw.
  4783 | D:6      | Noticed a +0 hand axe
  4783 | D:6      | Noticed a +0 hand axe
  4805 | D:6      | Killed a +0 hand axe
  4811 | D:6      | HP: 3/69 [+0 hand axe (2)]
  4815 | D:6      | Killed a +0 hand axe
  5048 | D:6      | Found a shimmering altar of Xom.
  5189 | D:6      | Reached XP level 10. HP: 77/77 MP: 10/10
  5196 | D:6      | Found a sparkling altar of Nemelex Xobeh.
  5321 | D:7      | Found a glowing silver altar of Zin.
  5324 | D:7      | Found an ornate altar of the Wu Jian Council.
  5378 | D:7      | Identified the +1 cloak of Decompression {rF++ Dex+3}
  6149 | D:7      | Noticed Pikel
  6172 | D:7      | Killed Pikel
  6219 | D:7      | Found an iron altar of Okawaru.
  6848 | D:8      | Reached skill level 5 in Armour
  7006 | D:8      | Noticed a two-headed ogre
  7032 | D:8      | Killed a two-headed ogre
  7280 | D:8      | Found a broken altar of Ashenzari.
  7394 | D:8      | Found Icruetruba's Assorted Antiques.
  7428 | D:8      | Bought a scroll labelled MUKHIE MEMIT for 28 gold pieces
  7428 | D:8      | Bought a scroll of enchant armour for 210 gold pieces
  7428 | D:8      | Bought a scroll labelled CUHETE OPPAA for 28 gold pieces
  7428 | D:8      | Bought 3 scrolls of identify for 168 gold pieces
  7428 | D:8      | Bought a potion of heal wounds for 140 gold pieces
  7428 | D:8      | Bought a scroll of enchant armour for 210 gold pieces
  7428 | D:8      | Bought a glowing falchion for 168 gold pieces
  7640 | D:8      | Reached XP level 11. HP: 84/84 MP: 11/11
  7691 | D:9      | Noticed Amaemon
  7766 | D:8      | HP: 3/84 [poisoned by Amaemon]
  7767 | D:8      | Succumbed to Amaemon's poison

Illustrated notes

Levels and vault maps discovered:
D:1:      dpeg_arrival_tiny_a, layout_rooms, serial_curves, eino_curves_04,
          eino_curves_04
D:2:      minmay_general_purpose_star, layout_loops_cross,
          minmay_split_cup_small, uniq_robin
D:3:      layout_loops_ring, mainiacjoe_overflow_six_doors_small,
          shapermc_ecumenical_altar_petra, uniq_crazy_yiuf_cottage
D:4:      gammafunk_wand_slinger, layout_loops_cross,
          nicolae_ru_the_path_less_chosen, minmay_temple_entry_statues_pillars,
          serial_bayou_lake_a
D:5:      layout_basic, amcnicky_mini_pool_small, minmay_misc_feat_hallway,
          st_stairs_13
D:6:      layout_basic, mainiacjoe_overflow_paths, nemelex_diamond_rough_becter,
          dancing_weapons_uskayaw, minmay_joined_circles
D:7:      layout_loops_ring, okawaru_humans, general_overflow_altar,
          lemuel_crystal_altar, columned_hall_lemuel, kb_lookout_dungeons_type,
          uniq_pikel
D:8:      layout_cave_pools, mainiacjoe_overflow_chevrons, serial_shops,
          nicolae_shop_overgrown_old_shop
D:9:      layout_layer_cave, orc_0_dummy, uniq_amaemon
Temple:   nicolae_temple_ecumenical_triangle

Skill      XL: |  1  2  3  4  5  6  7  8  9 10 |
---------------+-------------------------------+-----
Dodging        | 1 2 3 4 5 6 7 8 |  8.5
Long Blades    | 3 4 5 6 7 |  7.8
Fighting       | 4 5 6 7 |  7.6
Evocations     | 2 3 5 6 8 |  8.2
Armour         | 3 4 5 |  5.2
Shields        | 4 5 6 |  6.9

Action                     |  1- 3 |  4- 6 |  7- 9 | 10-12 || total
---------------------------+-------+-------+-------+-------++-------
  Melee: Long sword        |   104 |   257 |   223 |   290 ||   874
         Tailslap          |       |     3 |       |       ||     3
         Falchion          |       |       |       |    42 ||    42
  Throw: Boomerang         |       |       |       |     8 ||     8
  Evoke: Wand              |       |       |     2 |    11 ||    13
    Use: Potion            |     2 |     2 |     3 |     3 ||    10
         Scroll            |       |     4 |     6 |    12 ||    22
   Stab: Distracted        |       |       |     1 |     1 ||     2
         Paralysed         |       |       |       |    11 ||    11
 Armour: Scale mail        |    69 |   102 |       |       ||   171
         Plate armour      |       |    39 |    98 |   137 ||   274
  Dodge: Dodged            |    67 |   143 |   117 |   232 ||   559
  Block: Buckler           |    30 |    80 |    65 |   121 ||   296

Table legend: (Time is in decaauts)
 A = Elapsed time spent in this place.
 B = Non-inter-level travel time spent in this place.
 C = Inter-level travel time spent in this place.
 D = Time resting spent in this place.
 E = Time spent auto-exploring this place.
 F = Levels seen in this place.
 G = Mean time per level.
                   A        B        C        D        E       F      G
               +--------+--------+--------+--------+--------+-----+--------+
         Total |   7886 |   7886 |      0 |    191 |   4164 |  10 |  788.6 |
       Dungeon |   7827 |   7827 |      0 |    191 |   4164 |   9 |  869.7 |
        Temple |     58 |     58 |      0 |      0 |      0 |   1 |   58.0 |
               +--------+--------+--------+--------+--------+-----+--------+

Top non-repeatable levels by time:
     D:7: 1471 daAuts
     D:6: 1159 daAuts
     D:2: 1103 daAuts
     D:4: 1011 daAuts
     D:3: 981 daAuts
     D:8: 934 daAuts
     D:5: 566 daAuts
     D:1: 536 daAuts
     D:9: 64 daAuts
  Temple: 58 daAuts
